AoeStats
← arkance

Arabia

510822792Analyzed
1v1 RM · 13h ago on Oct 2, 2026· 26m 54s· 2 players
Game mode
Random Map
Map size
Tiny (2 player)
Population
200
Speed
Normal
Resources
Standard
Victory
Conquest
Starting age
Dark Age
Ending age
Imperial Age
RankedLock teamsTeams togetherTeam positionsShared explorationLock speedFull tech treeHidden civsTurbo modeCheats
Victory
Defeat
🇹🇷 Bengalis · Türkiye
1212
+16
🇫🇷 Magyars · France
1209
-16
arkance
7:13 Loom
9:04 Feudal Age
10:02 Double-Bit Axe
19:11 Castle Age
18:14 Gold Mining
19:21 Horse Collar
21:51 Bow Saw
22:41 Wheelbarrow
24:32 Town Watch
25:00 Stone Mining
omerkizilaslan
5:26 Loom
11:31 Feudal Age
16:47 Castle Age
15:44 Gold Mining
16:44 Scale Mail Armor
16:54 Forging
16:45 Double-Bit Axe
18:45 Sanctity
19:38 Town Watch
23:50 Wheelbarrow
24:11 Redemption
24:31 Fervor
Connection lost

Rejoining the realm…

Still unreachable

The connection could not be restored.

Session expired

The server has moved on; the page needs a fresh start.